 Dungeon Crawl Stone Soup version 0.30-a0-758-gc2c871d025 (webtiles) character file.

Game seed: 17997415463044092390

89113 Majang the Fencer (level 15, -2/100 HPs)
             Began as a Tengu Berserker on Feb 10, 2023.
             Was the Champion of Trog.
             Slain by an emperor scorpion (6 damage)
             ... on level 2 of the Spider Nest.
             The game lasted 01:29:04 (20704 turns).

Majang the Fencer (Tengu Berserker)                Turns: 20704, Time: 01:29:05

Health: -2/100     AC: 21    Str: 18    XL:     15   Next: 96%
Magic:  5/16       EV: 21    Int: 10    God:    Trog [******]
Gold:   1535       SH:  0    Dex: 31    Spells: 14/14 levels left

rFire   + . .      SeeInvis +    b - +4 shortbow of Desertification {elec, rF+ rN+ Will+}
rCold   . . .      Faith    .    (shield currently unavailable)
rNeg    + . .      Spirit   .    M - +1 chain mail {rF+}
rPois   +          Reflect  .    r - +2 hat
rElec   +          Harm     .    v - +2 cloak {rCorr}
rCorr   +          Rampage  .    P - +1 pair of gloves of Death Resistance {rElec rF- Int-2 Dex+6}
Will    ++...                    (boots unavailable) Stlth
                                 l - amulet of Matwekhlu {Regen+ Int+3 SInv}
HPRegen 1.16/turn                T - ring of poison resistance
MPRegen 0.15/turn                p - +6 ring of dexterity

@: flying quickly and evasively, quick
A: beak, talons 3, nimble flight
a: Renounce Religion, Berserk, Trog's Hand, Brothers in Arms


You were on level 2 of the Spider Nest.
You worshipped Trog.
Trog was exalted by your worship.
You visited 5 branches of the dungeon, and saw 23 of its levels.

You collected 2171 gold pieces.
You spent 636 gold pieces at shops.

Inventory:

Hand Weapons
 a - a +7 antimagic great sword
 b - the +4 shortbow of Desertification (weapon) {elec, rF+ rN+ Will+}
   (You found it on level 7 of the Dungeon)

   rF:        It protects you from fire.
   rN:        It protects you from negative energy.
   Will:      It increases your willpower.
 z - a +1 longbow
 A - a +2 heavy great sword
 K - a +1 great sword of flaming
 Q - a +0 triple sword
Missiles
 n - 5 throwing nets
Armour
 r - a +2 hat (worn)
 v - a +2 cloak of preservation (worn)
 x - a +1 plate armour of poison resistance
 G - a +4 scale mail of willpower
 I - the +10 plate armour of Wu Jian's Regard {Int+2}
   (You found it on level 4 of the Lair of Beasts)

   Int:       It affects your intelligence (+2).
 M - a +1 chain mail of fire resistance (worn)
 P - the +1 pair of gloves of Death Resistance (worn) {rElec rF- Int-2 Dex+6}
   (You bought it in a shop on level 2 of the Orcish Mines)

   Int:       It affects your intelligence (-2).
   Dex:       It affects your dexterity (+6).
   rF:        It makes you vulnerable to fire.
   rElec:     It insulates you from electricity.
Jewellery
 c - a +4 ring of slaying
 h - the ring "Picy" {rElec rPois rF- rC+ Str+6}
   (You found it on level 6 of the Dungeon)

   [ring of strength]

   Str:       It affects your strength (+6).
   rF:        It makes you vulnerable to fire.
   rC:        It protects you from cold.
   rElec:     It insulates you from electricity.
   rPois:     It protects you from poison.
 l - the amulet of Matwekhlu (around neck) {Regen+ Int+3 SInv}
   (You found it on level 2 of the Dungeon)

   [amulet of regeneration]

   Int:       It affects your intelligence (+3).
   SInv:      It lets you see invisible.
   Regen:     It increases your rate of health regeneration.
 p - a +6 ring of dexterity (right hand)
 T - a ring of poison resistance (left hand)
Wands
 d - a wand of quicksilver (5)
 q - a wand of polymorph (9)
 s - a wand of digging (18)
 y - a wand of flame (25)
 D - a wand of iceblast (18)
Scrolls
 f - 2 scrolls of immolation
 j - 2 scrolls of butterflies
 k - 2 scrolls of blinking
 t - 3 scrolls of fog
 u - a scroll of silence
 B - 5 scrolls of teleportation
 F - a scroll of magic mapping
 J - 5 scrolls of fear
Potions
 e - 8 potions of heal wounds
 g - 5 potions of cancellation
 i - 6 potions of curing
 m - 4 potions of might
 o - a potion of resistance
 w - 3 potions of attraction
 C - 5 potions of berserk rage
 E - a potion of lignification
 H - a potion of haste
 L - a potion of mutation {unknown}
 N - 2 potions of ambrosia
 R - a potion of invisibility {unknown}
 U - a potion of magic
Miscellaneous
 O - a tin of tremorstones (2/2)
 S - a lightning rod (4/4)


   Skills:
 + Level 14.2 Fighting
 * Level 16.6 Long Blades
 * Level 16.2 Ranged Weapons
 + Level 11.7 Armour
 + Level 11.6 Dodging
 + Level 4.2 Evocations


You had 14 spell levels left.
You didn't know any spells.
Your spell library was empty.

Dungeon Overview and Level Annotations

Branches:
Dungeon (12/15)            Temple (1/1) D:6            Lair (5/5) D:9
  Swamp (0/4) Lair:3       Spider (3/4) Lair:3        Slime (0/5) Lair:5
    Orc (2/2) D:11            Elf (0/3) Orc:2

Altars:
Ashenzari
Cheibriados
Dithmenos
Elyvilon
Fedhas
Gozag
Hepliaklqana
Kikubaaqudgha
Makhleb
Nemelex Xobeh
Okawaru
Qazlal
Ru
Sif Muna
Trog
Uskayaw
Vehumet
Wu Jian
Xom
Yredelemnul
Zin
The Shining One
Jiyva
Lugonu

Shops:
D:2 ?   D:5 ((?(   Orc:2 [*(==

Portals:
Abyss: Lair:5

Annotations:
Lair:1 3 runed translucent doors, flt's ghost, journeyman DgTm
Lair:3 2 transporters, Olga's ghost, novice FeFi


Innate Abilities, Weirdness & Mutations

You have a beak for a mouth.
You have claws for feet.
Your magical nature lets you fly swiftly and evasively.


Message History

You feel magic returning to you.
You hear the crackle of electricity.
b - the +4 shortbow of Desertification (weapon)
{elec, rF+ rN+ Will+} You are too injured to fight recklessly!
Fire: b) +4 shortbow of Desertification {elec, rF+ rN+ Will+}
Press: ? - help, Q - select action, (/) - cycle Shift-Dir - straight line, f - redback
Aim: a redback (75% to hit)
You shoot an arrow. The arrow hits the redback!
Lightning courses through the redback!
The redback is almost dead.
Fire: b) +4 shortbow of Desertification {elec, rF+ rN+ Will+}
Press: ? - help, Q - select action, (/) - cycle Shift-Dir - straight line, f/p - redback
Aim: a redback (almost dead, 75% to hit)
You shoot an arrow. The arrow barely misses the redback.
The arrow hits the emperor scorpion but does no damage.
The emperor scorpion is severely wounded.
Fire: b) +4 shortbow of Desertification {elec, rF+ rN+ Will+}
Press: ? - help, Q - select action, (/) - cycle Shift-Dir - straight line, f/p - redback
Aim: a redback (almost dead, 75% to hit)
You shoot an arrow. The arrow hits the redback.
The redback is almost dead.
The redback misses you.
Fire: b) +4 shortbow of Desertification {elec, rF+ rN+ Will+}
Press: ? - help, Q - select action, (/) - cycle Shift-Dir - straight line, f/p - redback
Aim: a redback (almost dead, 75% to hit)
You shoot an arrow. The arrow barely misses the redback.
The arrow hits the emperor scorpion but does no damage.
The emperor scorpion is severely wounded.
The redback completely misses you.
The redback bites you but does no damage.
Fire: b) +4 shortbow of Desertification {elec, rF+ rN+ Will+}
Press: ? - help, Q - select action, (/) - cycle Shift-Dir - straight line, f/p - redback
Aim: a redback (almost dead, 75% to hit)
You shoot an arrow. The arrow hits the redback!
You kill the redback!
Trog accepts your kill. The emperor scorpion stings you!!
* * * LOW HITPOINT WARNING * * *
The emperor scorpion claws you.
You die...

......##....###.....#...........#
#....##....###.....^#......#..###
#...####...#...............#....#
##...#.#...#............####....#
.##..##^...##............##......
..#^..#....#..##....########.....
#.###.#....#####......#....##...#
##....#...............#....##..##
..........#^..^.@s.....>...^#####
..........#..#####...........^..#
####.....##.##.......#...........
.........####.#......#...........
......####^######....#####^...#.>
##....##....##.........#.#######.
.....##.....##.....#....##.....#.
...###.#####.###...#....#......##
..## ###.^....<^...##...>.......#


You could see an emperor scorpion.

Vanquished Creatures
  Arachne (Spider:2)
  Rupert (Lair:4)
  Mlioglotl (Spider:1)
  Gastronok (Lair:1)
  Aizul (Spider:2)
  An emperor scorpion (Spider:1)
  An orc warlord (Orc:2)
  Snorg (Lair:4)
  Harold (D:10)
  A hydra (Lair:4)
  Erolcha (D:11)
  An ogre mage (Orc:2)
  3 radroaches
  7 two-headed ogres
  2 boulder beetles
  2 death yaks
  An orc high priest (Orc:2)
  3 thrashing horrors (Lair:5)
  Amaemon (Lair:1)
  3 pharaoh ants
  A sun moth (Spider:2)
  2 orb spiders (Spider:2)
  8 wolf spiders
  A lindwurm (Lair:5)
  5 orc knights
  4 ugly things
  A manticore (D:12)
  3 orc sorcerers (Orc:2)
  3 cyclopes
  A large abomination (Lair:5)
  A moth of wrath (Spider:2)
  4 elephants (Lair:4)
  Joseph (Lair:1)
  2 smoke demons (Lair:5)
  7 cane toads
  2 black mambas (Lair:4)
  2 unseen horrors (D:12)
  5 demonic crawlers
  Psyche (D:8)
  3 torpor snails
  An orange demon (Lair:1)
  A gargoyle (D:11)
  9 komodo dragons
  2 rime drakes
  2 ice devils (Orc:2)
  A kobold demonologist (D:11)
  An ancient zyme (Lair:5)
  6 trolls
  19 tarantellas
  A hornet (D:9)
  Prince Ribbit (D:7)
  A raiju (shapeshifter) (Lair:5)
  38 blink frogs
  2 dream sheep (Lair:5)
  2 shadows (D:10)
  28 jumping spiders
  10 culicivoras
  A vampire (D:12)
  2 wraiths
  7 wyverns
  3 ynoxinuls (Lair:5)
  2 spriggans (Lair:5)
  28 redbacks
  A yak (shapeshifter) (Lair:5)
  27 yaks
  8 basilisks
  A chaos spawn (Lair:5)
  Menkaure (D:7)
  2 steam dragons
  3 wargs
  An acid dragon (D:10)
  15 water moccasins
  Duvessa (D:5)
  2 sky beasts
  2 ice beasts
  15 orc warriors
  5 ogres
  15 wolves
  14 centaurs
  2 kobold brigands
  15 bullfrogs
  8 small abominations (Lair:5)
  4 scorpions
  3 wights (D:8)
  Dowan (D:5)
  8 electric eels
  3 howler monkeys (D:11)
  2 hounds
  5 jellies
  11 orc priests
  A gnoll bouda (D:7)
  3 iguanas
  Jessica (D:3)
  16 hell rats
  15 orc wizards
  A hound zombie (D:3)
  19 gnolls
  8 adders
  8 river rats (Lair:4)
  A shadow imp (D:6)
  2 white imps
  An ufetubus (D:6)
  An adder zombie (D:3)
  2 worms
  A dart slug (D:1)
  29 orcs
  2 ball pythons
  4 bats (D:3)
  13 endoplasms
  7 giant cockroaches
  5 goblins
  10 hobgoblins
  4 jackals (D:4)
  2 quokkas
  2 training dummies (D:5)
  5 frilled lizards
  20 kobolds
  17 rats
634 creatures vanquished.

Vanquished Creatures (others)
  A kobold (D:11)
  9 fungi
  19 plants
29 creatures vanquished.

Grand Total: 663 creatures vanquished

Notes
Turn   | Place    | Note
-------+----------+-------------------------------------------
     0 | D:1      | Majang the Tengu Berserker began the quest for the Orb.
     0 | D:1      | Reached XP level 1. HP: 14/14 MP: 2/2
   107 | D:1      | Reached XP level 2. HP: 14/19 MP: 3/3
   364 | D:1      | Found a faded altar of an unknown god.
   476 | D:1      | Reached ** piety under Trog
   477 | D:1      | Reached XP level 3. HP: 23/23 MP: 4/4
   802 | D:2      | Reached skill level 1 in Ranged Weapons
   802 | D:2      | Reached XP level 4. HP: 26/28 MP: 5/5
  1021 | D:2      | Identified the amulet of Matwekhlu {Regen+ Int+3 SInv}
  1055 | D:2      | Gained mutation: Your magical nature lets you fly swiftly
                  | and evasively. [Tengu growth]
  1055 | D:2      | Reached XP level 5. HP: 33/33 MP: 6/6
  1097 | D:2      | Found Xuoschua's Magic Scroll Boutique.
  1437 | D:3      | Reached skill level 5 in Long Blades
  1536 | D:3      | Noticed Jessica
  1538 | D:3      | Identified the +8 trident of Havoc {holy, rF+ rN+}
  1584 | D:3      | Killed Jessica
  1585 | D:3      | Reached XP level 6. HP: 29/38 MP: 7/7
  1707 | D:3      | Reached *** piety under Trog
  1914 | D:3      | Found a basalt altar of Yredelemnul.
  2125 | D:3      | Identified the +1 leather armour of Jigsaw {Rampage Dex+5
                  | Stlth-}
  2254 | D:4      | Identified a scroll of acquirement
  2254 | D:4      | Acquired a manual of Fighting
  3159 | D:5      | Entered Level 5 of the Dungeon
  3179 | D:5      | Found Ylohajeg's Magic Scroll Boutique.
  3180 | D:5      | Found Reajobri's Weapon Boutique.
  3180 | D:5      | Found Toihecum's Weapon Boutique.
  3183 | D:5      | Found Xiehydoq's Antique Weapon Boutique.
  3217 | D:5      | Reached XP level 7. HP: 44/44 MP: 8/8
  3233 | D:5      | Bought a +0 heavy scimitar for 110 gold pieces
  3276 | D:5      | Reached **** piety under Trog
  3389 | D:5      | Reached skill level 5 in Fighting
  3469 | D:5      | Noticed Duvessa
  3469 | D:5      | Noticed Dowan
  3476 | D:5      | Killed Duvessa
  3477 | D:5      | Killed Dowan
  3478 | D:5      | Reached skill level 5 in Ranged Weapons
  3478 | D:5      | Reached XP level 8. HP: 35/49 MP: 9/9
  3775 | D:6      | Identified the ring "Picy" {rElec rPois rF- rC+ Str+6}
  3971 | D:6      | Found a staircase to the Ecumenical Temple.
  4007 | Temple   | Entered the Ecumenical Temple
  4750 | D:7      | Identified the +4 shortbow of Desertification {elec, rF+
                  | rN+ Will+}
  4852 | D:7      | Found a burning altar of Makhleb.
  4868 | D:7      | Noticed Prince Ribbit
  4874 | D:7      | Killed Prince Ribbit
  4875 | D:7      | Reached XP level 9. HP: 56/56 MP: 10/10
  4896 | D:7      | Noticed Menkaure
  4898 | D:7      | Killed Menkaure
  5081 | D:7      | Reached skill level 5 in Armour
  5225 | D:8      | Noticed Psyche
  5232 | D:8      | Killed Psyche
  5233 | D:8      | Reached skill level 5 in Dodging
  5458 | D:8      | Found a hazy altar of Hepliaklqana.
  5629 | D:8      | Reached ***** piety under Trog
  5686 | D:8      | Reached XP level 10. HP: 64/64 MP: 11/11
  6116 | D:9      | Reached skill level 10 in Long Blades
  6155 | D:9      | Found a staircase to the Lair.
  6181 | D:9      | Identified the +1 ring mail "Munealuf" {rF+ rC- Int+2
                  | Slay+5}
  6533 | D:9      | Noticed a two-headed ogre
  6541 | D:9      | Killed a two-headed ogre
  6542 | D:9      | Reached XP level 11. HP: 57/71 MP: 12/12
  6858 | D:10     | Entered Level 10 of the Dungeon
  7010 | D:10     | Noticed Harold
  7025 | D:10     | Killed Harold
  7026 | D:10     | Reached skill level 10 in Ranged Weapons
  7102 | D:10     | Received a gift from Trog
  7507 | D:11     | Found a staircase to the Orcish Mines.
  7569 | D:11     | Noticed Erolcha
  7571 | D:11     | Noticed a two-headed ogre
  7616 | D:11     | Killed a two-headed ogre
  7650 | D:11     | Killed Erolcha
  7651 | D:11     | Reached skill level 10 in Fighting
  8018 | D:11     | Identified the +0 cloak of Xaroin {+Blink rF- Slay+3}
  8069 | Orc:1    | Entered Level 1 of the Orcish Mines
  8212 | Orc:1    | Noticed an orc knight
  8249 | Orc:1    | Killed an orc knight
  8526 | Orc:2    | Entered Level 2 of the Orcish Mines
  8526 | Orc:2    | Noticed an orc knight
  8526 | Orc:2    | Found a staircase to the Elven Halls.
  8535 | Orc:1    | Reached XP level 12. HP: 61/78 MP: 13/13
  8594 | Orc:2    | Noticed an ogre mage
  8595 | Orc:2    | Noticed a two-headed ogre
  8596 | Orc:2    | Noticed a two-headed ogre
  8596 | Orc:2    | Noticed a two-headed ogre
  8597 | Orc:2    | Noticed a two-headed ogre
  8612 | Orc:2    | Killed a two-headed ogre
  8613 | Orc:2    | Killed a two-headed ogre
  8617 | Orc:2    | Killed an ogre mage
  8620 | Orc:2    | Killed a two-headed ogre
  8622 | Orc:2    | Killed a two-headed ogre
  8729 | Orc:2    | Received a gift from Trog
  8820 | Lair:1   | Entered Level 1 of the Lair of Beasts
  8931 | Lair:1   | Noticed Gastronok
  8932 | Lair:1   | Noticed Joseph
  8941 | Lair:1   | Noticed a death yak
  8969 | D:9      | Killed a death yak
  8983 | Lair:1   | Killed Joseph
  9056 | Lair:1   | Killed Gastronok
  9177 | Lair:1   | Identified the +4 rapier of the Revolution {vamp, rElec
                  | rF+++}
  9183 | Lair:1   | Found a runed translucent gate.
  9184 | Lair:1   | Found a runed translucent gate.
  9185 | Lair:1   | Found a runed translucent gate.
  9225 | Lair:1   | Noticed Amaemon
  9231 | Lair:1   | Killed Amaemon
  9235 | Lair:1   | Found a viscous altar of Jiyva.
  9235 | Lair:1   | Noticed flt's ghost (journeyman DgTm)
  9287 | Lair:1   | Noticed a death yak
  9318 | Lair:1   | Killed a death yak
  9321 | Lair:1   | Reached XP level 13. HP: 81/85 MP: 14/14
 10614 | Lair:2   | Received a gift from Trog
 10849 | Lair:3   | Found a hole to the Spider Nest.
 11347 | Lair:3   | Found a transporter.
 11352 | Lair:3   | Found a bloodstained altar of Trog.
 11361 | Lair:3   | Found a transporter.
 11525 | Lair:3   | Noticed Olga's ghost (novice FeFi)
 11536 | Lair:3   | Found a staircase to the Swamp.
 12026 | Lair:4   | Identified the +10 plate armour of Wu Jian's Regard {Int+2}
 12069 | Lair:4   | Reached skill level 10 in Armour
 12123 | Lair:4   | Noticed Snorg
 12131 | Lair:4   | Noticed Rupert
 12134 | Lair:4   | Killed Snorg
 12135 | Lair:4   | Reached skill level 10 in Dodging
 12202 | Lair:4   | Reached XP level 14. HP: 82/94 MP: 15/15
 12206 | Lair:3   | Identified the +2 war axe of the Evening {heavy, rF+} (Trog
                  | gifted it to you on level 3 of the Lair of Beasts)
 12206 | Lair:3   | Received a gift from Trog
 12326 | Lair:4   | Killed Rupert
 12913 | Lair:5   | Entered Level 5 of the Lair of Beasts
 12939 | Lair:5   | Found a staircase to the Slime Pits.
 13631 | Lair:5   | Reached skill level 15 in Long Blades
 14177 | Lair:5   | Reached ****** piety under Trog
 14206 | Lair:5   | Found a corrupted altar of Lugonu.
 14206 | Lair:5   | Found a one-way gate to the infinite horrors of the Abyss.
 14849 | Orc:2    | Reached skill level 1 in Evocations
 14932 | Orc:2    | Noticed an orc warlord
 14944 | Orc:2    | Killed an orc warlord
 14945 | Orc:2    | Reached skill level 15 in Ranged Weapons
 15015 | Orc:2    | Received a gift from Trog
 15224 | Orc:2    | Found Azir's Antique Weapon Shoppe.
 15241 | Orc:2    | Found Huefiuni's Antique Armour Shoppe.
 15256 | Orc:2    | Found Anabatze's General Store.
 15272 | Orc:2    | Found Arichas's Jewellery Shoppe.
 15296 | Orc:2    | Bought a pair of fine gloves for 266 gold pieces
 15296 | Orc:2    | Identified the +1 pair of gloves of Death Resistance {rElec
                  | rF- Int-2 Dex+6} (You bought it in a shop on level 2 of the
                  | Orcish Mines)
 15317 | Orc:2    | Bought a triple sword for 260 gold pieces
 15392 | Orc:2    | Found Goipt's Jewellery Shop.
 16352 | D:12     | Reached XP level 15. HP: 100/100 MP: 5/16
 16947 | Spider:1 | Entered Level 1 of the Spider Nest
 17688 | Spider:1 | Noticed an emperor scorpion
 17700 | Spider:1 | Killed an emperor scorpion
 18832 | Spider:2 | Noticed Mlioglotl
 18833 | Spider:2 | Received a gift from Trog
 18848 | Spider:1 | Killed Mlioglotl
 19351 | Spider:2 | Noticed Arachne
 19362 | Spider:2 | Killed Arachne
 19955 | Spider:2 | Noticed Aizul
 19994 | Spider:2 | Killed Aizul
 20684 | Spider:3 | Noticed an emperor scorpion
 20704 | Spider:2 | HP: 4/100 [emperor scorpion (18)]
 20704 | Spider:2 | Slain by an emperor scorpion

Illustrated notes

Levels and vault maps discovered:
D:1:      dpeg_arrival_boxorama, layout_loops_ring,
          dilly_ecumenical_altar_fadedgnrine
D:2:      layout_loops_cross, serial_shops, shop
D:3:      layout_loops_ring, lemuel_zombie_altar_yredelemnul,
          minmay_pentomino_pile, uniq_jessica
D:4:      layout_basic
D:5:      dreamdust_elfheim, layout_rooms, minmay_shop_grid_forest,
          minmay_hedge_maze, serial_park_tiny_2
D:6:      layout_loops_ring, temple_doors_e, dk_noncrumbling_4, uniq_duvessa
D:7:      layout_cave_pools, makhleb_heckhound_becter, uniq_menkaure,
          uniq_prince_ribbit1
D:8:      layout_basic, nzn_hepliaklqana_mist_gate, wad_floor_pattern_2,
          kennysheep_small_spiral, uniq_psyche
D:9:      layout_loops_ring, minmay_lair_entry_grove,
          hangedman_abyss_or_decor_jellyfish_corner
D:10:     layout_irregular_city, uniq_harold
D:11:     layout_rooms, orc_0_dummy, columned_hall_lemuel, uniq_erolcha
D:12:     layout_roguey
Temple:   nicolae_temple_bog_church
Lair:1:   layout_cave_pods, gammafunk_ghost_ooze, infiniplex_staircase_pool,
          serial_bayou_shore_b, uniq_amaemon, uniq_gastronok, uniq_joseph
Lair:2:   layout_roguey, minivault_25
Lair:3:   layout_gridlike, minmay_swamp_entry_eels,
          nicolae_spider_entry_lesser_pyramids,
          gammafunk_ghost_wrathful_warriors, grunt_megastairs_2
Lair:4:   layout_regular_city, kennysheep_abandoned_house, uniq_snorg,
          uniq_rupert
Lair:5:   hellmonk_lair_end_abyssal_woods, layout_regular_city,
          nicolae_slime_entry_slimehenge
Spider:1: layout_spider_delve, nicolae_spider_bug_shape
Spider:2: layout_spider_delve, uniq_arachne, uniq_mlioglotl, uniq_aizul
Spider:3: layout_cave_pods
Orc:1:    layout_caves, serial_shops, shop
Orc:2:    grunt_orc_cross, layout_caves, serial_shops,
          nicolae_shop_advertising_works [nicolae_subvault_shop_adworks],
          portal_ice_cave_demonic_guard

Skill      XL: |  1  2  3  4  5  6  7  8  9 10 11 12 13 14 15 |
---------------+----------------------------------------------+-----
Long Blades    | 4 5 6 7 9 10 11 13 14 15 16 | 16.6
Ranged Weapons | 1 2 3 4 5 6 8 9 11 12 13 15 16 | 16.2
Fighting       | 4 5 6 7 9 10 11 13 14 | 14.2
Armour         | 3 4 5 6 7 9 10 11 | 11.7
Dodging        | 3 4 5 6 7 8 10 11 | 11.6
Evocations     | 2 4 |  4.2

Action                     |  1- 3 |  4- 6 |  7- 9 | 10-12 | 13-15 || total
---------------------------+-------+-------+-------+-------+-------++-------
  Melee: Falchion          |    21 |    41 |       |       |       ||    62
         Kick              |     2 |    11 |    12 |    51 |   252 ||   328
         Peck              |     2 |     5 |     8 |    26 |   166 ||   207
         Scimitar          |       |       |    44 |   121 |       ||   165
         Punch             |       |       |     1 |     2 |       ||     3
         Great sword       |       |       |       |    36 |   694 ||   730
   Fire: Longbow           |    16 |   106 |    47 |       |       ||   169
         Shortbow          |       |       |    57 |   205 |   497 ||   759
 Invoke: Berserk           |       |       |       |     6 |     3 ||     9
  Evoke: Wand              |       |       |       |     1 |     5 ||     6
    Use: Scroll            |       |     8 |    14 |     6 |     7 ||    35
         Potion            |       |       |       |     1 |     3 ||     4
   Stab: Sleeping          |     2 |       |       |       |       ||     2
 Armour: Scale mail        |     2 |    20 |       |    43 |   121 ||   186
         Leather armour    |       |     2 |    13 |     4 |       ||    19
         Plate armour      |       |       |       |       |   138 ||   138
         Chain mail        |       |       |       |       |    76 ||    76
  Dodge: Dodged            |     5 |    25 |    78 |   188 |   839 ||  1135

Table legend: (Time is in decaauts)
 A = Elapsed time spent in this place.
 B = Non-inter-level travel time spent in this place.
 C = Inter-level travel time spent in this place.
 D = Time resting spent in this place.
 E = Time spent auto-exploring this place.
 F = Levels seen in this place.
 G = Mean time per level.
                   A        B        C        D        E       F      G
               +--------+--------+--------+--------+--------+-----+--------+
         Total |  19429 |  18155 |   1274 |   2098 |  10759 |  23 |  844.7 |
       Dungeon |   8677 |   8214 |    463 |    551 |   6017 |  12 |  723.1 |
        Temple |     98 |     98 |      0 |      0 |      0 |   1 |   98.0 |
          Lair |   5321 |   5097 |    224 |    642 |   3001 |   5 | 1064.2 |
   Spider Nest |   3510 |   3106 |    404 |    685 |   1029 |   3 | 1170.0 |
  Orcish Mines |   1820 |   1638 |    182 |    218 |    710 |   2 |  910.0 |
               +--------+--------+--------+--------+--------+-----+--------+

Top non-repeatable levels by time:
Spider:1: 2081 daAuts
  Lair:5: 1430 daAuts
Spider:2: 1423 daAuts
   Orc:2: 1306 daAuts
  Lair:1: 1211 daAuts
  Lair:3: 968 daAuts
     D:9: 950 daAuts
  Lair:4: 944 daAuts
     D:4: 838 daAuts
    D:12: 837 daAuts
     D:3: 811 daAuts
     D:1: 807 daAuts
     D:6: 792 daAuts
     D:8: 787 daAuts
  Lair:2: 766 daAuts
